 Dungeon Crawl Stone Soup version 0.20.1-1-g8b1a95d (webtiles) character file.

683236 spiff the Cloud Mage (level 27, -39/228 HPs)
             Began as a Purple Draconian Venom Mage on July 2, 2017.
             Was the Champion of Sif Muna.
             Annihilated by an Orb Guardian (61 damage)
             ... on level 5 of the Realm of Zot on July 6, 2017.
             The game lasted 09:21:09 (110213 turns).

spiff the Cloud Mage (DrVM)                       Turns: 110213, Time: 09:21:10

Health: -39/228    AC: 22    Str: 14    XL:     27
Magic:  36/44      EV: 29    Int: 27    God:    Sif Muna [******]
Gold:   4474       SH:  7    Dex: 13    Spells: 3/71 levels left

rFire    + + .     SeeInvis +   b - +4 sacred scourge (holy)
rCold    . . .     Gourm    .   J - +2 buckler {reflect}
rNeg     + + .     Faith    .   (armour unavailable)
rPois    .         Spirit   .   S - +2 hat {MR+}
rElec    .         Reflect  +   Z - +0 cloak
rCorr    .         Harm     .   R - +3 pair of gauntlets of War {Slay+5}
MR       +++++     Rnd*Rage +   z - +1 pair of boots {Stlth+}
Stlth    ++++......             n - amulet "Sipanudul" {rN+ Regen+ Dex+3}
Regen    0.9/turn               u - ring of the Heavens {rF++ rN+ EV+5}
MPRegen  0.3/turn               y - ring of see invisible

@: slowed, very slow
A: breathe power, unfitting armour, berserk 1, blurry vision 2, clumsy 1, frail
1, low mp 1, strong 1, cold-blooded, MP-powered wands, AC +13
}: 3/15 runes: decaying, silver, gossamer
a: Breathe Dispelling Energy, Divine Energy, Channel Magic, Forget Spell,
Renounce Religion


You were on level 5 of the Realm of Zot.
You worshipped Sif Muna.
Sif Muna was exalted by your worship.
You were very full.

You visited 10 branches of the dungeon, and saw 50 of its levels.
You also visited: Ice Cave.

You collected 9276 gold pieces.
You spent 4802 gold pieces at shops.

Inventory:

Hand Weapons
 a - a +8 whip of electrocution
 b - a +4 sacred scourge of holy wrath (weapon)
Missiles
 o - 6 throwing nets (quivered)
Armour
 z - a +1 pair of boots of stealth (worn)
 J - a +2 buckler of reflection (worn)
 R - the +3 pair of gauntlets of War (worn) {Slay+5}
   (You found it on level 3 of the Elven Halls)

   It affects your accuracy and damage with ranged weapons and melee attacks
   (+5).
 S - a +2 hat of magic resistance (worn)
 Z - a +0 cloak (worn)
Jewellery
 f - an uncursed ring of magical power
 i - the ring "Zeeruump" {rPois rN+ Str+8 Int-2}
   (You took it off an ogre mage on level 15 of the Dungeon)

   [ring of poison resistance]

   It affects your strength (+8).
   It affects your intelligence (-2).
   It protects you from poison.
   It protects you from negative energy.
 n - the amulet "Sipanudul" (around neck) {rN+ Regen+ Dex+3}
   (You bought it in a shop on level 2 of the Orcish Mines)

   [amulet of regeneration]

   It affects your dexterity (+3).
   It protects you from negative energy.
   It increases your rate of regeneration.
 u - the ring of the Heavens (left hand) {rF++ rN+ EV+5}
   (You bought it in a shop on level 3 of the Elven Halls)

   [ring of evasion]

   It affects your evasion (+5).
   It greatly protects you from fire.
   It protects you from negative energy.
 y - a ring of see invisible (right hand)
 O - the ring "Retilag" {+Inv rElec MR+ Str+5}
   (You acquired it on level 2 of the Spider Nest)

   [ring of protection from magic]

   It affects your strength (+5).
   It insulates you from electricity.
   It affects your resistance to hostile enchantments.
   It lets you turn invisible.
Wands
 v - a wand of digging (6/24)
 w - a wand of iceblast (4/15)
 G - a wand of acid (6/15)
 L - a wand of scattershot (2/9)
 W - a wand of clouds (6/9)
Scrolls
 e - 14 scrolls of identify
 h - 2 scrolls of summoning
 p - 2 scrolls of recharging
 C - 4 scrolls of blinking
 D - 33 scrolls of remove curse
 F - 4 scrolls of vulnerability
 K - 20 scrolls of teleportation
 P - 5 scrolls of magic mapping
 U - 3 scrolls of fog
 Y - 6 scrolls of fear
Potions
 c - 6 potions of heal wounds
 g - 6 potions of brilliance
 l - 4 potions of haste
 m - 5 potions of cancellation
 q - 3 potions of might
 r - 3 potions of resistance
 s - 3 potions of invisibility
 x - a potion of ambrosia
 A - 7 potions of curing
 B - 5 potions of agility
 I - 12 potions of flight
 N - 5 potions of magic
Books
 t - Sif Muna's Volume of Translocation
   (Sif Muna gifted it to you on level 4 of the Depths)

   Spells                             Type                      Level
   a - Gell's Gravitas                Translocation                3
   b - Passage of Golubria            Translocation                4
   c - Summon Forest                  Summoning/Translocation      5
   d - Dispersal                      Translocation                6
   e - Malign Gateway                 Summoning/Translocation      7
   f - Disjunction                    Translocation                8
 M - the Guide on Lucky Translocation
   (You found it on level 3 of the Elven Halls)

   Spells                             Type                      Level
   a - Apportation                    Translocation                1
   b - Regeneration                   Charms/Necromancy            3
   c - Spectral Weapon                Hexes/Charms                 3
   d - Lesser Beckoning               Translocation                3
   e - Teleport Other                 Translocation                3
   f - Force Lance                    Conjuration/Translocation    4
 X - Sif Muna's Tome of Displacement and Sinister Magic
   (Sif Muna gifted it to you on level 3 of the Depths)

   Spells                             Type                      Level
   a - Shroud of Golubria             Charms/Translocation         2
   b - Gell's Gravitas                Translocation                3
   c - Teleport Other                 Translocation                3
   d - Force Lance                    Conjuration/Translocation    4
   e - Simulacrum                     Ice/Necromancy               6
   f - Controlled Blink               Translocation                8
   g - Disjunction                    Translocation                8
Miscellaneous
 j - a phial of floods
 k - a fan of gales
 Q - a lamp of fire
 T - 5 sacks of spiders
Comestibles
 d - 7 bread rations
 E - 21 meat rations
 V - 11 fruits


   Skills:
 - Level 22.0 Fighting
 + Level 16.5 Maces & Flails
 + Level 19.4 Dodging
 - Level 5.0 Stealth
 - Level 4.4 Shields
 - Level 22.5 Spellcasting
 - Level 12.0 Conjurations
 + Level 16.8 Translocations
 - Level 24.0 Air Magic
 - Level 10.2 Poison Magic
 - Level 6.3 Evocations


You had 3 spell levels left.
You knew the following spells:

 Your Spells              Type           Power        Failure   Level  Hunger
a - Lightning Bolt        Conj/Air       #######...   1%          5    None
b - Conjure Ball Lightni  Conj/Air       #######...   1%          6    None
c - Airstrike             Air            ########..   0%          4    None
d - Passage of Golubria   Tloc           N/A          0%          4    None
e - Poisonous Vapours     Pois/Air       ######       0%          2    None
f - Force Lance           Conj/Tloc      #######.     1%          4    None
g - Deflect Missiles      Chrm/Air       #######...   1%          6    None
h - Tornado               Air            ########..   8%          9    ######.
i - Swiftness             Chrm/Air       #######.     0%          2    None
j - Regeneration          Chrm/Necr      ####......   3%          3    None
k - Blink                 Tloc           N/A          0%          2    None
l - Controlled Blink      Tloc           N/A          8%          8    #####..
p - Fulminant Prism       Conj/Hex       ######....   1%          4    None
q - Venom Bolt            Conj/Pois      ######....   1%          5    None
t - Olgreb's Toxic Radia  Pois           ######..     1%          4    None


Dungeon Overview and Level Annotations

Branches:
Dungeon (15/15)            Temple (1/1) D:7            Lair (6/6) D:9
  Swamp (4/4) Lair:3       Spider (4/4) Lair:2        Slime (0/5) Lair:6
    Orc (2/2) D:12            Elf (3/3) Orc:2        Vaults (5/5) D:13
  Crypt (0/3) Vaults:2     Depths (5/5) D:15            Zot (5/5) Depths:5

Altars:
Ashenzari
Cheibriados
Dithmenos
Elyvilon
Fedhas
Gozag
Hepliaklqana
Kikubaaqudgha
Makhleb
Nemelex Xobeh
Okawaru
Qazlal
Ru
Sif Muna
Trog
Uskayaw
Vehumet
Xom
Yredelemnul
Zin
The Shining One
Beogh
Jiyva
Lugonu

Shops:
D:7 (   D:11 =   D:13 :   D:15 ?*[   Orc:1 %   Orc:2 [:*(   Elf:1 *   Elf:3 =
Vaults:2 *   Vaults:3 *   Depths:4 %![*

Portals:
Hell: Depths:1 Depths:2 Depths:3 Depths:4 Depths:5
Abyss: Depths:2 Depths:3 Depths:4
Pandemonium: Depths:1 Depths:2 Depths:3 Depths:5
Ziggurat: Depths:1

Annotations:
D:5 Menkaure
D:7 exclusion: downstairs
D:8 exclusion: 2 downstairs
D:9 exclusion: downstairs
Lair:6 1 runed door
Swamp:1 Donald, Nikola
Elf:2 3 runed doors
Vaults:3 exclusion: 2 downstairs


Innate Abilities, Weirdness & Mutations

You can breathe bolts of dispelling energy.
Your rich purple scales are hard. (AC +13)
You cannot fit into any form of body armour.
You are cold-blooded and may be slowed by cold attacks.
You tend to lose your temper in combat.
Scrolls take you longer to read.
You are clumsy. (Dex -2)
You are frail. (-10% HP)
Your magical capacity is low. (-10% MP)
Your muscles are strong. (Str +2)
You expend magic power (3 MP) to strengthen your wands.


Message History

You block the death cob's attack. The death cob completely misses you.
The winds around you calm down. The death cob closely misses you.
The death cob completely misses you.
You hear a distant "Zot"!
The Orb Guardian hits you! The death cob hits you!
* * * LOW HITPOINT WARNING * * *
The death cob drains your vigour!
You feel as though you will be slow longer.
The moth of wrath goads the Orb Guardian on!
The Orb Guardian goes berserk!
The Killer Klown grins with merry abandon.
The death cob completely misses you. The death cob barely misses you.
The Orb Guardian hits you!!!
* * * LOW HITPOINT WARNING * * *
You block the death cob's attack. You block the Orb Guardian's attack.
You hear a distant "Zot"!
Your blink will be uncontrolled - continue anyway?
Okay, then.
You feel much better. The Orb Guardian hits you!!!
You die...

.# ##...........## #...........
## #.............# ##.......... #
##.............## **,,,,,,,,,
#.......p.......# **,,,,,,,,
▓▓▓########.########▓▓▓▓#########
..## #)##..............#.... ...#
#.##..y.#..#'###....... ...#
#...zpX##<##...###..... .###
######@.###.....##..#.. ###
#)..#<.##.......####.. #.#####
###.##..#.........# ##.
...##.#####.......#.........# ##
..##...##......#..'.........# ###
..'.....'.....##.###......⌠####.#
..##...##...####...##.....####...
...##.###[..#..#....##...##.+....
#...####....#..#<#.###'###.###...


You could see a Killer Klown, a death cob, an Orb Guardian (berserk) and a moth
of wrath.

Vanquished Creatures
  An ancient lich (Depths:2)
  4 orbs of fire
  Mennas (Vaults:5)
  2 juggernauts (Depths:3)
  A greater mummy (Depths:4)
  Boris (Vaults:4)
  Saint Roka (Vaults:2)
  3 Killer Klowns
  A curse toe (Zot:5)
  Margery (Vaults:3)
  13 golden dragons
  Jory (Vaults:4)
  A bone dragon (Depths:5)
  6 liches
  13 tentacled monstrosities
  4 electric golems
  3 quicksilver dragons
  10 titans
  10 Orb Guardians
  2 deep elf master archers (Elf:3)
  2 deep elf blademasters (Elf:3)
  Asterion (Depths:2)
  2 quicksilver dragons (shapeshifter)
  5 sphinxes
  2 death cobs
  Kirke (Swamp:1)
  8 shadow dragons
  18 storm dragons
  6 tengu reavers
  3 draconian monks
  16 frost giants
  3 draconian knights
  8 deep elf sorcerers
  19 fire giants
  An iron dragon (Vaults:4)
  16 vault wardens
  Louise (Depths:2)
  4 orc warlords
  5 ghost moths
  4 draconian shifters
  4 emperor scorpions
  2 draconian stormcallers (Zot:3)
  3 draconian scorchers
  3 draconian annihilators
  19 ironheart preservers
  8 deep elf elementalists
  26 stone giants
  4 war gargoyles
  3 spriggan defenders (Depths:3)
  4 deep elf demonologists (Elf:3)
  6 green draconians
  27 very ugly things
  2 entropy weavers (shapeshifter)
  6 entropy weavers
  7 black draconians
  Azrael (D:14)
  6 vampire knights
  9 yellow draconians
  Nessos (D:14)
  6 white draconians
  9 deep elf annihilators
  4 purple draconians
  9 spark wasps
  13 red draconians
  29 ettins
  12 deep elf death magi
  A fire dragon (shapeshifter) (Vaults:3)
  5 deep elf high priests
  30 yaktaur captains
  12 fire dragons
  3 green deaths
  2 death oozes (Swamp:4)
  16 ice dragons
  A great orb of eyes (shapeshifter) (Depths:4)
  12 great orbs of eyes
  A merfolk impaler (Depths:2)
  8 rakshasas
  14 hydras
  Fannar (D:11)
  A hell beast (Swamp:4)
  38 vault guards
  2 spriggan air magi
  2 catoblepae
  A two-headed ogre (shapeshifter) (Vaults:4)
  5 ghost crabs
  11 alligators
  11 centaur warriors
  15 dancing weapons
  27 ogre magi
  65 two-headed ogres
  7 death knights
  10 death yaks
  4 vampire magi
  15 deep troll earth magi
  5 deep troll shamans
  3 orc high priests
  13 tengu warriors
  A titan zombie (Depths:2)
  8 spriggan berserkers
  8 spriggans
  Sonja (D:13)
  16 deep elf knights
  20 skeletal warriors
  A fire crab (D:15)
  19 hell knights
  3 iron trolls (Depths:4)
  4 shadow wraiths
  8 unseen horrors
  15 swamp dragons
  A storm dragon skeleton (Depths:2)
  2 sea snakes (shapeshifter)
  9 glowing orange brains
  2 spriggan druids
  A lindwurm (Lair:6)
  An obsidian statue (Zot:5)
  An unseen horror (shapeshifter) (Depths:3)
  6 flayed ghosts
  2 shambling mangroves (Swamp:4)
  17 deep elf archers
  2 deep trolls (shapeshifter)
  12 harpies
  18 wizards
  14 phantasmal warriors
  15 ironbrand convokers
  39 deep trolls
  Pikel (D:6)
  47 wolf spiders
  A golden dragon skeleton (Depths:2)
  25 orc knights
  16 orb spiders
  A mana viper (shapeshifter) (Depths:3)
  15 necromancers
  16 cyclopes
  76 ugly things
  7 orc sorcerers
  A cyclops (shapeshifter) (Vaults:3)
  65 deep elf magi
  4 manticores
  30 moths of wrath
  A moth of wrath (shapeshifter) (Vaults:5)
  15 vault sentinels
  8 black mambas
  Joseph (D:7)
  12 elephants
  3 naga magi (D:15)
  Maurice (D:13)
  2 torpor snails
  A rust devil (Depths:2)
  4 orange demons
  2 black mambas (shapeshifter)
  Psyche (D:8)
  5 ice statues (IceCv)
  A storm dragon simulacrum (Vaults:3)
  2 water nymphs (shapeshifter)
  2 eyes of devastation (Depths:1)
  A spiny frog (shapeshifter) (Depths:5)
  5 gargoyles
  2 kobold demonologists (D:15)
  2 smoke demons (Depths:1)
  A rime drake (shapeshifter) (Vaults:4)
  4 komodo dragons
  23 spiny frogs
  4 rime drakes
  3 centaur skeletons (D:15)
  12 demonic crawlers
  12 freezing wraiths
  A komodo dragon (shapeshifter) (Vaults:1)
  78 yaktaurs
  An elf (Depths:4)
  2 efreet (D:13)
  2 anaconda simulacra (IceCv)
  2 redback zombies (D:15)
  A hellwing (Depths:1)
  7 tengu conjurers
  38 jumping spiders
  9 trolls
  9 tyrant leeches
  2 tyrant leeches (shapeshifter)
  23 hornets
  A meliai (D:14)
  3 polar bears (Lair:6)
  57 slime creatures
  2 dream sheep (shapeshifter)
  A blink frog (shapeshifter) (Depths:3)
  18 blink frogs
  12 hippogriffs
  A frost giant simulacrum (Vaults:1)
  13 bog bodies
  A stone giant simulacrum (Vaults:3)
  2 spriggans (shapeshifter)
  A redback (shapeshifter) (Depths:3)
  5 wraiths
  72 redbacks
  A dire elephant simulacrum (IceCv)
  Eustachio (D:4)
  6 air elementals
  3 shadows
  6 vampires
  12 water elementals
  46 yaks
  4 fire elementals
  A human (shapeshifter) (Depths:1)
  40 tarantellas
  A human (Depths:4)
  A wyvern (Lair:3)
  5 hungry ghosts
  A golden eye (shapeshifter) (Vaults:4)
  3 basilisks
  2 chaos spawn (Depths:3)
  2 harpy simulacra (IceCv)
  36 vampire mosquitoes
  9 insubstantial wisps
  20 swamp worms
  6 large abominations
  15 wargs
  4 acid dragons
  A soldier ant (D:12)
  A soldier ant (shapeshifter) (Depths:1)
  9 water moccasins
  7 floating eyes
  4 hydra simulacra (IceCv)
  A swamp drake (Swamp:4)
  7 porcupines
  A black bear (shapeshifter) (Vaults:2)
  A hell hound (D:14)
  A hornet zombie (D:13)
  9 ice beasts
  2 eyes of draining
  4 phantoms
  4 black bears
  57 orc warriors
  3 sky beasts
  A slave (Depths:4)
  22 wolves
  7 boggarts
  48 ogres
  25 centaurs
  16 crocodiles
  A crocodile (shapeshifter) (D:14)
  2 big kobolds
  Blork the orc (Orc:2)
  12 small abominations
  22 bullfrogs
  6 earth elementals
  A glowing shapeshifter simulacrum (Vaults:1)
  2 scorpions (D:9)
  A killer bee (D:12)
  18 wights
  2 howler monkeys (D:6)
  11 crimson imps
  A bullfrog zombie (D:10)
  9 jellies
  9 centaur zombies
  2 quasits (Depths:1)
  A human simulacrum (Vaults:1)
  A jelly (shapeshifter) (Vaults:3)
  4 hounds
  36 orc wizards
  5 bullfrog skeletons
  33 orc priests
  3 iguanas
  12 worker ants
  A wolf simulacrum (Lair:2)
  3 yak simulacra (Lair:2)
  5 polar bear simulacra (Lair:2)
  2 spectral hounds (Depths:4)
  A hound zombie (D:7)
  2 hound skeletons
  2 worker ant zombies
  17 gnolls
  A howler monkey skeleton (D:10)
  4 adders
  5 shadow imps
  A white imp (Depths:1)
  6 oozes
  4 worms
  2 dart slugs (D:2)
  8 leopard geckos
  133 orcs
  3 giant cockroaches
  2 goblins
  8 hobgoblins
  8 jackals
  4 quokkas
  3 ball pythons
  8 bats (D:1)
  2 frilled lizards
  A jackal zombie (D:6)
  23 kobolds
  2 leopard gecko skeletons
  2 quokka skeletons
  A quokka zombie (D:8)
  4 rats
  2 river rat simulacra (Lair:2)
  6 bushes (Elf:3)
  5 crawling corpses
  A fungus (Lair:6)
  6 plants
2752 creatures vanquished.

Vanquished Creatures (others)
  An ancient lich (Vaults:5)
  An eldritch tentacle (Zot:4)
  A tengu reaver (Vaults:2)
  2 yaktaur captains
  A vault guard (Vaults:5)
  A two-headed ogre (D:12)
  261 ball lightnings
  A deep elf archer (Vaults:2)
  An ugly thing (Depths:1)
  7 yaktaurs
  An air elemental (Elf:3)
  A water elemental (Depths:4)
  5 humans (Swamp:1)
  An orc warrior (Orc:2)
  4 slaves (D:6)
  A wolf (Depths:4)
  A boggart (Depths:4)
  5 centaurs
  2 wights (D:6)
  A jelly (D:6)
  An iguana (D:12)
  A worker ant (D:12)
  2 orcs
  A kobold (D:10)
  37 bushes
  35 fulminant prisms
  18 fungi
  26 plants
420 creatures vanquished.

Grand Total: 3172 creatures vanquished

Notes
Turn   | Place    | Note
-------+----------+-------------------------------------------
     0 | D:1      | spiff the Draconian Venom Mage began the quest for the Orb.
     0 | D:1      | Reached XP level 1. HP: 14/14 MP: 3/3
   309 | D:1      | Reached XP level 2. HP: 20/20 MP: 3/5
   315 | D:1      | Learned a level 2 spell: Poisonous Vapours
  1431 | D:1      | Reached XP level 3. HP: 9/27 MP: 0/6
  1845 | D:2      | Reached skill level 1 in Fighting
  1915 | D:2      | Found a stormy altar of Qazlal.
  2175 | D:2      | Reached XP level 4. HP: 35/35 MP: 0/8
  2619 | D:2      | Learned a level 3 spell: Mephitic Cloud
  2873 | D:3      | Noticed a centaur
  2889 | D:3      | Killed a centaur
  2889 | D:3      | Reached XP level 5. HP: 26/41 MP: 1/9
  3476 | D:3      | Reached skill level 5 in Poison Magic
  3805 | D:3      | Reached XP level 6. HP: 50/50 MP: 0/10
  4830 | D:4      | Your scales start taking on a rich purple colour.
  4830 | D:4      | Reached XP level 7. HP: 58/58 MP: 2/13
  5354 | D:4      | Noticed Eustachio
  5407 | D:4      | Killed Eustachio
  5927 | D:5      | Entered Level 5 of the Dungeon
  6301 | D:5      | Noticed Menkaure
  6794 | D:6      | Reached skill level 5 in Spellcasting
  7372 | D:6      | Reached XP level 8. HP: 57/67 MP: 9/16
  7660 | D:6      | Noticed Pikel
  7684 | D:6      | Killed Pikel
  7684 | D:6      | Reached skill level 5 in Fighting
  7885 | D:6      | Reached skill level 5 in Conjurations
  8006 | D:6      | Reached skill level 1 in Maces & Flails
  8556 | D:7      | Found Peudafas's Antique Weapon Shop.
  8651 | D:7      | Reached XP level 9. HP: 60/75 MP: 19/19
  8978 | D:7      | Found a staircase to the Ecumenical Temple.
  8988 | Temple   | Entered the Ecumenical Temple
  9223 | Temple   | Became a worshipper of Sif Muna the Loreminder
  9294 | D:7      | Reached skill level 5 in Maces & Flails
  9456 | D:7      | Noticed Joseph
 10513 | D:8      | Noticed a two-headed ogre
 10961 | D:8      | Reached * piety under Sif Muna
 11179 | D:8      | Learned a level 4 spell: Olgreb's Toxic Radiance
 11352 | D:8      | Noticed a two-headed ogre
 11354 | D:8      | Noticed Psyche
 11375 | D:8      | Killed a two-headed ogre
 11375 | D:8      | Reached XP level 10. HP: 83/83 MP: 14/23
 11382 | D:8      | Killed Psyche
 11382 | D:8      | Reached ** piety under Sif Muna
 12324 | D:8      | Learned a level 5 spell: Venom Bolt
 12348 | D:9      | Identified a scroll of acquirement
 12378 | D:9      | Noticed a two-headed ogre
 12399 | D:9      | Killed a two-headed ogre
 12588 | D:9      | Noticed a two-headed ogre
 12605 | D:9      | Killed a two-headed ogre
 12954 | D:9      | Found a staircase to the Lair.
 13066 | D:9      | Noticed a six-headed hydra
 13309 | D:10     | Entered Level 10 of the Dungeon
 13309 | D:10     | Noticed a two-headed ogre
 13606 | D:10     | Killed a two-headed ogre
 13606 | D:10     | Reached XP level 11. HP: 96/97 MP: 10/24
 13850 | D:10     | Noticed a two-headed ogre
 13860 | D:10     | Killed a two-headed ogre
 13860 | D:10     | Reached skill level 10 in Fighting
 13937 | D:10     | Noticed a death knight
 13937 | D:10     | Noticed a skeletal warrior
 13939 | D:10     | Noticed a skeletal warrior
 14034 | Lair:1   | Entered Level 1 of the Lair of Beasts
 14580 | Lair:1   | Reached *** piety under Sif Muna
 15300 | Lair:2   | Found a hole to the Spider Nest.
 15362 | Lair:2   | Noticed a five-headed hydra
 15780 | Lair:2   | Reached skill level 10 in Spellcasting
 15884 | Lair:1   | Killed a five-headed hydra
 16073 | Lair:2   | Reached **** piety under Sif Muna
 16073 | Lair:2   | Reached XP level 12. HP: 88/110 MP: 26/26
 17138 | Lair:3   | Found a staircase to the Swamp.
 18845 | Lair:4   | Noticed a death yak
 18845 | Lair:4   | Noticed a death yak
 19083 | D:7      | Killed Joseph
 19083 | D:7      | Reached ***** piety under Sif Muna
 19092 | D:7      | Got an uncursed twisted falchion {pain}
 19093 | D:7      | Identified the +7 falchion "Ureumnuf" {pain, +Blink rPois Int-2 SInv} (You took it off Joseph on level 7 of the Dungeon)
 19400 | D:6      | Received a gift from Sif Muna
 19853 | D:10     | Killed a two-headed ogre
 19853 | D:10     | Reached skill level 10 in Poison Magic
 20065 | Lair:4   | Killed a death yak
 20388 | Lair:4   | Noticed a death yak
 20402 | Lair:3   | Killed a death yak
 20525 | Lair:4   | Noticed a death yak
 20563 | Lair:3   | Killed a death yak
 20919 | Lair:4   | Killed a death yak
 21267 | Lair:5   | Reached XP level 13. HP: 85/116 MP: 28/28
 22205 | Lair:6   | Entered Level 6 of the Lair of Beasts
 23435 | Lair:6   | Reached skill level 10 in Maces & Flails
 23435 | Lair:6   | Reached skill level 10 in Conjurations
 23917 | Lair:6   | Received a gift from Sif Muna
 23988 | Lair:6   | Learned a level 4 spell: Fulminant Prism
 23993 | Lair:6   | Learned a level 4 spell: Force Lance
 24968 | Lair:6   | Found a runed door.
 24968 | Lair:6   | Found a viscous altar of Jiyva.
 24971 | Lair:6   | Found a staircase to the Slime Pits.
 25438 | Lair:4   | Reached XP level 14. HP: 108/124 MP: 25/31
 27096 | D:11     | Noticed Fannar
 27110 | D:11     | Killed Fannar
 27265 | D:11     | Found Ikhlef's Jewellery Boutique.
 28120 | D:12     | Found a roughly hewn altar of Beogh.
 28121 | D:12     | Found a staircase to the Orcish Mines.
 28445 | D:12     | Noticed a frost giant
 28474 | D:12     | Received a gift from Sif Muna
 28478 | D:12     | Killed a frost giant
 29500 | D:12     | Identified the Collected Works on Evil and Air
 29859 | D:12     | Found a shimmering altar of Xom.
 30018 | Orc:1    | Entered Level 1 of the Orcish Mines
 30926 | Orc:1    | Found Ixiat's Food Emporium.
 31116 | Orc:2    | Entered Level 2 of the Orcish Mines
 31316 | Orc:2    | Found a roughly hewn altar of Beogh.
 31825 | Orc:2    | Noticed Blork the orc
 31836 | Orc:2    | Killed Blork the orc
 32287 | Orc:2    | Noticed an orc warlord
 32393 | Orc:2    | Killed an orc warlord
 32485 | Orc:2    | Found a roughly hewn altar of Beogh.
 32490 | Orc:2    | Reached XP level 15. HP: 122/132 MP: 31/33
 32557 | Orc:2    | Found Ybrygi's General Store.
 32764 | Orc:2    | Reached skill level 5 in Dodging
 32969 | Orc:2    | Found Dacae's Antique Weapon Shop.
 33076 | Orc:2    | Found a staircase to the Elven Halls.
 33123 | Orc:2    | Found Peabb's Book Shop.
 33129 | Orc:2    | Bought a book of Air for 455 gold pieces
 33135 | Orc:2    | Learned a level 5 spell: Lightning Bolt
 33135 | Orc:2    | Reached skill level 5 in Air Magic
 33135 | Orc:2    | Reached XP level 16. HP: 141/141 MP: 34/34
 33141 | Orc:2    | Learned a level 4 spell: Airstrike
 33209 | Orc:2    | Found Amecu's Antique Armour Shop.
 33232 | Orc:2    | Bought the amulet "Sipanudul" {rN+ Regen+ Dex+3} for 807 gold pieces
 33251 | Orc:2    | Bought a book of Spatial Translocations for 845 gold pieces
 33256 | Orc:2    | Learned a level 4 spell: Passage of Golubria
 33366 | D:13     | Noticed Sonja
 33377 | D:13     | Killed Sonja
 33425 | D:13     | Noticed Maurice
 33432 | D:13     | Killed Maurice
 33460 | D:13     | Reached skill level 6 in Air Magic
 33943 | D:13     | Found Otiax's Book Emporium.
 33993 | D:13     | Identified Sif Muna's Tome of Attacks (Sif Muna gifted it to you on level 13 of the Dungeon)
 33993 | D:13     | Received a gift from Sif Muna
 34242 | D:13     | Reached skill level 7 in Air Magic
 34654 | D:13     | Found a gate to the Vaults.
 34682 | D:14     | Noticed Nessos
 34688 | D:14     | Killed Nessos
 34688 | D:14     | Reached skill level 8 in Air Magic
 34982 | D:14     | Found a blossoming altar of Fedhas.
 35062 | D:14     | Noticed Azrael
 35130 | D:14     | Killed Azrael
 35541 | D:12     | Reached skill level 9 in Air Magic
 35852 | D:15     | Entered Level 15 of the Dungeon
 36637 | D:15     | Reached skill level 10 in Air Magic
 36787 | D:15     | Got a pitted lead ring
 37237 | D:15     | Identified Sif Muna's Compendium of Damaging Lightness (Sif Muna gifted it to you on level 15 of the Dungeon)
 37237 | D:15     | Received a gift from Sif Muna
 37754 | D:15     | Reached skill level 15 in Spellcasting
 37876 | D:15     | Found Aceqiaje's Assorted Antiques.
 38128 | D:15     | Reached skill level 11 in Air Magic
 38282 | D:15     | Got a warped granite ring
 38294 | D:15     | Paralysed by a floating eye for 4 turns
 38515 | D:15     | Found Xuwkapn's Armour Shop.
 38539 | D:15     | Reached XP level 17. HP: 148/148 MP: 32/36
 38541 | D:15     | Found a staircase to the Depths.
 38874 | D:15     | Got a wavering ivory ring
 39145 | D:15     | Identified the ring "Zeeruump" {rPois rN+ Str+8 Int-2} (You took it off an ogre mage on level 15 of the Dungeon)
 39146 | D:15     | Identified the ring "Renk" {+Inv rN+ Stlth-} (You took it off an orc wizard on level 15 of the Dungeon)
 39147 | D:15     | Identified the ring "Nephotat" {rF- AC+4 Int+4 Stlth+} (You took it off a necromancer on level 15 of the Dungeon)
 39434 | D:15     | Found Dische Refao's Magic Scroll Boutique.
 39501 | D:15     | Identified Sif Muna's Guide on Aerial Black Rites (Sif Muna gifted it to you on level 15 of the Dungeon)
 39501 | D:15     | Received a gift from Sif Muna
 39713 | Lair:1   | Upgraded the game from 0.20.1 to 0.20.1-1-g8b1a95d
 39839 | Swamp:1  | Entered Level 1 of the Swamp
 40203 | Swamp:1  | Reached skill level 12 in Air Magic
 40662 | Swamp:1  | Noticed Donald
 40750 | Swamp:1  | Noticed Kirke
 40755 | Swamp:1  | Killed Kirke
 40799 | Swamp:1  | Noticed Nikola
 43036 | Swamp:3  | Reached skill level 13 in Air Magic
 44287 | Swamp:4  | Entered Level 4 of the Swamp
 44458 | Swamp:4  | Identified Ettan's Papyrus of Lethal Dislocation (Sif Muna gifted it to you on level 4 of the Swamp)
 44458 | Swamp:4  | Received a gift from Sif Muna
 46007 | Swamp:4  | Reached XP level 18. HP: 65/155 MP: 16/38
 46304 | Swamp:4  | Reached skill level 14 in Air Magic
 47642 | Swamp:4  | Got a flickering turquoise ring
 47643 | Swamp:4  | Identified the ring of Sininiqo {+Inv rPois} (You found it on level 4 of the Swamp)
 47659 | Swamp:4  | Got a decaying rune of Zot
 47954 | Spider:1 | Entered Level 1 of the Spider Nest
 48614 | Spider:1 | Identified Sif Muna's Handbook of Twisted Bewitchment (Sif Muna gifted it to you on level 1 of the Spider Nest)
 48614 | Spider:1 | Received a gift from Sif Muna
 49792 | Spider:2 | Got a transparent platinum ring
 49793 | Spider:2 | Identified the ring "Retilag" {+Inv rElec MR+ Str+5} (You acquired it on level 2 of the Spider Nest)
 49848 | Spider:2 | Reached skill level 15 in Air Magic
 52410 | Spider:4 | Entered Level 4 of the Spider Nest
 52511 | Spider:4 | Reached skill level 15 in Fighting
 53556 | Spider:2 | You fall through a shaft!
 53757 | Spider:4 | Reached XP level 19. HP: 170/170 MP: 25/39
 53832 | Spider:4 | Reached skill level 16 in Air Magic
 53951 | Spider:4 | Reached skill level 1 in Evocations
 54680 | Spider:4 | Identified Sif Muna's Compendium of Creative Conjuration (Sif Muna gifted it to you on level 4 of the Spider Nest)
 54680 | Spider:4 | Received a gift from Sif Muna
 55699 | Spider:4 | Got a gossamer rune of Zot
 56331 | Vaults:1 | Entered Level 1 of the Vaults
 56512 | D:13     | Bought a book of the Sky for 1105 gold pieces
 56521 | D:13     | Learned a level 6 spell: Conjure Ball Lightning
 56528 | D:13     | Learned a level 6 spell: Deflect Missiles
 56972 | Vaults:1 | Reached skill level 5 in Evocations
 57004 | Vaults:1 | Reached skill level 5 in Stealth
 59907 | Vaults:1 | Reached skill level 17 in Air Magic
 60084 | Vaults:1 | Identified Quariegi's Collected Works on Arcane Weapons (Sif Muna gifted it to you on level 1 of the Vaults)
 60084 | Vaults:1 | Received a gift from Sif Muna
 60438 | Vaults:2 | Reached XP level 20. HP: 170/182 MP: 37/40
 60756 | Vaults:2 | Noticed Saint Roka
 60777 | Vaults:2 | Killed Saint Roka
 61464 | Vaults:2 | Reached skill level 18 in Air Magic
 61758 | Vaults:2 | Found Luedej's General Store.
 61899 | Vaults:2 | Found a glowing golden altar of the Shining One.
 62589 | Vaults:2 | Identified Lehudib's Papyrus of Confrontation (Sif Muna gifted it to you on level 2 of the Vaults)
 62589 | Vaults:2 | Received a gift from Sif Muna
 62589 | Vaults:2 | Reached ****** piety under Sif Muna
 63194 | Vaults:2 | Found a staircase to the Crypt.
 63356 | Vaults:3 | Reached skill level 19 in Air Magic
 64684 | Vaults:3 | Identified Sif Muna's Guide on Destructive Feathers (Sif Muna gifted it to you on level 3 of the Vaults)
 64684 | Vaults:3 | Received a gift from Sif Muna
 65121 | Vaults:3 | Found Tyzuk's General Store.
 65139 | Vaults:3 | Reached skill level 20 in Air Magic
 65444 | Vaults:3 | Noticed Margery
 65542 | Vaults:3 | Killed Margery
 65660 | Vaults:3 | Reached XP level 21. HP: 141/189 MP: 23/41
 66289 | Vaults:3 | Identified Yjoxtoyk's Tome of Dark Secrets (Sif Muna gifted it to you on level 3 of the Vaults)
 66289 | Vaults:3 | Received a gift from Sif Muna
 67087 | Vaults:4 | Learned a level 9 spell: Tornado
 68384 | Vaults:4 | Received a gift from Sif Muna
 68920 | Vaults:4 | Reached skill level 21 in Air Magic
 70613 | Depths:1 | Entered Level 1 of the Depths
 70619 | Depths:1 | Received a gift from Sif Muna
 71419 | Depths:1 | Found a gateway to a ziggurat.
 71423 | Depths:1 | Paralysed by a floating eye for 2 turns
 71576 | Depths:1 | Reached XP level 22. HP: 165/196 MP: 44/44
 71597 | Depths:1 | Found a one-way gate leading to the halls of Pandemonium.
 71742 | Depths:1 | Found a gateway to Hell.
 71967 | Depths:2 | Noticed Asterion
 71977 | Depths:2 | Killed Asterion
 72434 | Depths:2 | Identified Sif Muna's Disquisition on Supportive Black Secrets (Sif Muna gifted it to you on level 2 of the Depths)
 72434 | Depths:2 | Received a gift from Sif Muna
 73006 | Depths:2 | Noticed Louise
 73013 | Depths:2 | Killed Louise
 73048 | Depths:2 | Reached skill level 22 in Air Magic
 73138 | Depths:2 | Found a one-way gate to the infinite horrors of the Abyss.
 73848 | Depths:2 | Identified the Reference Book on the Escort
 73860 | Depths:2 | Identified Sif Muna's Papyrus of Assistive Changing
 73895 | Depths:2 | Identified Tefinetz's Tome of Curses
 73923 | Depths:2 | Found a deep blue altar of Sif Muna.
 73930 | Depths:2 | Noticed an ancient lich
 73943 | Depths:2 | Killed an ancient lich
 74240 | Depths:2 | Got a flickering granite ring
 74397 | Depths:2 | Identified the Papyrus of Enhancements
 74402 | Depths:2 | Learned a level 2 spell: Swiftness
 74414 | Depths:2 | Identified the Volume of the Traveller and Snow
 74487 | Depths:2 | Received a gift from Sif Muna
 75538 | Depths:3 | Noticed a juggernaut
 75698 | Depths:3 | Killed a juggernaut
 76043 | Depths:3 | Noticed a golden dragon
 76050 | Depths:3 | Reached XP level 23. HP: 180/203 MP: 25/47
 76071 | Depths:3 | Identified Sif Muna's Tome of Displacement and Sinister Magic (Sif Muna gifted it to you on level 3 of the Depths)
 76071 | Depths:3 | Received a gift from Sif Muna
 76079 | Depths:2 | Reached skill level 23 in Air Magic
 76598 | Depths:3 | Identified the ring "Ocia" {SInv Stlth-} (You took it off a wizard on level 2 of the Depths)
 76665 | Depths:3 | Noticed a juggernaut
 76678 | Depths:3 | Killed a juggernaut
 77326 | Depths:3 | Reached skill level 10 in Dodging
 78314 | Depths:3 | Got a bound wooden ring
 78788 | Depths:3 | Identified the ring "Rauqenin" {Str+8 Slay-3 SInv} (You took it off a frost giant on level 3 of the Depths)
 79825 | Depths:4 | Found a corrupted altar of Lugonu.
 81386 | Depths:4 | Reached XP level 24. HP: 213/218 MP: 26/47
 82843 | Depths:4 | Found a bloodstained altar of Trog.
 82978 | Depths:4 | Noticed a greater mummy
 83438 | Depths:4 | Found The Legendary Gugry's Legendary Smithy.
 83470 | Depths:4 | Found Ceacoeso's Miraculous Elixirs.
 83528 | Depths:4 | Found Jack's Jerk-a-riffic Jerky.
 83777 | Depths:4 | Found Pinewud's Slaves and Accessories.
 84350 | Elf:1    | Entered Level 1 of the Elven Halls
 84435 | Elf:1    | Reached skill level 1 in Translocations
 84451 | Elf:1    | Found a frozen archway.
 84470 | IceCv    | Entered an ice cave
 84481 | IceCv    | Received a gift from Sif Muna
 85202 | IceCv    | Identified the Incunabulum of Freezing Toxins
 85573 | Elf:1    | Found an ancient bone altar of Kikubaaqudgha.
 85688 | Elf:1    | Identified the Volume of the Vitriolic Rocks
 85908 | Elf:1    | Found Okigeo's General Store.
 86425 | Elf:2    | Found a runed gate.
 86425 | Elf:2    | Found a runed gate.
 86425 | Elf:2    | Found a runed gate.
 87177 | Elf:3    | Entered Level 3 of the Elven Halls
 87306 | Elf:3    | Reached skill level 5 in Translocations
 87413 | Elf:3    | Identified Sif Muna's Compendium of the Tired Suns (Sif Muna gifted it to you on level 3 of the Elven Halls)
 87413 | Elf:3    | Received a gift from Sif Muna
 87935 | Elf:3    | Found Aclebic's Jewellery Shop.
 87973 | Elf:3    | Bought the ring of the Heavens {rF++ rN+ EV+5} for 1590 gold pieces
 89092 | Elf:3    | Got a clouded wooden ring
 89093 | Elf:3    | Identified the cursed ring "Zotorirch" {+Fly rF+ MP-9 Dex+4 Slay-3} (You took it off a deep elf elementalist on level 3 of the Elven Halls)
 89307 | Elf:3    | Reached XP level 25. HP: 127/231 MP: 23/47
 90175 | Elf:3    | Identified the Guide on Lucky Translocation
 90181 | Elf:3    | Learned a level 3 spell: Regeneration
 90228 | Elf:3    | Learned a level 2 spell: Blink
 90234 | Elf:3    | Identified the Compendium of Feathery Enhancements
 90855 | Depths:4 | Identified Sif Muna's Volume of Translocation (Sif Muna gifted it to you on level 4 of the Depths)
 90855 | Depths:4 | Received a gift from Sif Muna
 91163 | Depths:4 | Killed a greater mummy
 91163 | Depths:4 | Reached skill level 24 in Air Magic
 92398 | Depths:5 | Entered Level 5 of the Depths
 92890 | Depths:5 | Reached skill level 10 in Translocations
 93151 | Depths:5 | Identified Housasent's Handbook of Combat Magic (Sif Muna gifted it to you on level 5 of the Depths)
 93151 | Depths:5 | Received a gift from Sif Muna
 95079 | Depths:5 | Found a gate to the Realm of Zot.
 95672 | Vaults:5 | Entered Level 5 of the Vaults
 95990 | Vaults:4 | Reached XP level 26. HP: 112/240 MP: 32/48
 96177 | Vaults:5 | Noticed Jory
 96197 | Vaults:4 | Killed Jory
 96606 | Vaults:5 | Noticed Boris
 96699 | Vaults:4 | Killed Boris
 96840 | Vaults:4 | Identified Sif Muna's Almanac of the Gliding Compass (Sif Muna gifted it to you on level 4 of the Vaults)
 96840 | Vaults:4 | Received a gift from Sif Muna
 96861 | Vaults:4 | Learned a level 8 spell: Controlled Blink
 97171 | Vaults:5 | Noticed an ancient lich
 97183 | Vaults:5 | Killed an ancient lich
 98542 | Vaults:5 | Reached skill level 15 in Dodging
 99040 | Vaults:5 | Identified Vekhomoz's Disquisition on Displacement and Ignition (Sif Muna gifted it to you on level 5 of the Vaults)
 99040 | Vaults:5 | Received a gift from Sif Muna
 99594 | Vaults:5 | Noticed Mennas
 99803 | Vaults:5 | Killed Mennas
100033 | Vaults:5 | Reached XP level 27. HP: 234/254 MP: 46/49
100427 | Vaults:5 | Got a silver rune of Zot
101428 | Zot:1    | Entered Level 1 of the Realm of Zot
103084 | Zot:1    | Identified Luiferr's Almanac of Air (Sif Muna gifted it to you on level 1 of the Realm of Zot)
103084 | Zot:1    | Received a gift from Sif Muna
105677 | Zot:3    | Reached skill level 15 in Translocations
106127 | Zot:3    | Noticed an orb of fire
106143 | Zot:3    | Killed an orb of fire
106143 | Zot:3    | Reached skill level 15 in Maces & Flails
106626 | Zot:4    | Identified Sif Muna's Guide on the Birds and Conjuration (Sif Muna gifted it to you on level 4 of the Realm of Zot)
106626 | Zot:4    | Received a gift from Sif Muna
107268 | Zot:5    | Entered Level 5 of the Realm of Zot
109069 | Zot:5    | Noticed an orb of fire
109078 | Zot:5    | Gained mutation: Scrolls take you a little longer to read. [an orb of fire]
109087 | Zot:5    | Killed an orb of fire
109392 | Zot:5    | Noticed an orb of fire
109402 | Zot:5    | Gained mutation: You expend magic power (3 MP) to strengthen your wands. [an orb of fire]
109410 | Zot:5    | Gained mutation: You are clumsy. (Dex -2) [an orb of fire]
109421 | Zot:5    | Killed an orb of fire
110036 | Zot:5    | Noticed an orb of fire
110037 | Zot:5    | Gained mutation: Your magical capacity is low. (-10% MP) [an orb of fire]
110053 | Zot:5    | Gained mutation: Scrolls take you longer to read. [an orb of fire]
110058 | Zot:5    | Gained mutation: Your muscles are strong. (Str +2) [an orb of fire]
110061 | Zot:5    | Gained mutation: You tend to lose your temper in combat. [an orb of fire]
110062 | Zot:5    | Gained mutation: You are frail. (-10% HP) [an orb of fire]
110063 | Zot:5    | Killed an orb of fire
110212 | Zot:5    | HP: 1/228 [Orb Guardian (63)]
110213 | Zot:5    | Annihilated by an Orb Guardian

Skill      XL: |  1  2  3  4  5  6  7  8  9 10 11 12 13 14 15 16 17 18 19 20 21 22 23 24 25 26 27 |
---------------+----------------------------------------------------------------------------------+-----
Fighting       | 1 2 3 4 6 9 11 12 15 16 18 20 21 22 | 22.0
Poison Magic   | 4 5 6 7 8 9 10 | 10.2
Spellcasting   | 3 4 5 7 9 10 11 13 14 15 16 18 20 21 22 | 22.5
Conjurations   | 2 3 5 6 7 9 11 12 | 12.0
Maces & Flails | 3 6 7 9 11 12 13 16 | 16.5
Shields        | 4 |  4.4
Dodging        | 4 5 9 12 13 14 15 19 | 19.4
Air Magic      | 5 11 13 15 17 20 21 22 23 24 | 24.0
Evocations     | 6 |  6.3
Stealth        | 5 |  5.0
Translocations | 7 11 13 16 | 16.8

Action                   |  1- 3 |  4- 6 |  7- 9 | 10-12 | 13-15 | 16-18 | 19-21 | 22-24 | 25-27 || total
-------------------------+-------+-------+-------+-------+-------+-------+-------+-------+-------++-------
Melee: Whip              |       |       |   193 |   548 |   636 |  1622 |  1199 |  1536 |   796 ||  6530
       Tailslap          |       |       |    20 |    96 |    85 |   318 |   193 |   281 |   228 ||  1221
       Demon whip        |       |       |       |       |       |       |    11 |       |     5 ||    16
       Sacred scourge    |       |       |       |       |       |       |       |       |   605 ||   605
 Fire: Hunting sling     |     9 |   109 |   148 |    21 |     5 |       |       |       |       ||   292
Throw: Throwing net      |       |       |       |       |       |       |       |     1 |     2 ||     3
 Cast: Sting             |    59 |    80 |    50 |   155 |    88 |       |       |       |       ||   432
       Poisonous Vapours |    10 |    18 |    91 |   172 |   156 |   108 |   157 |   126 |   119 ||   957
       Mephitic Cloud    |       |     5 |    13 |    35 |    11 |     4 |     1 |       |       ||    69
       Olgreb's Toxic Ra |       |       |       |     6 |    35 |    70 |   111 |    50 |    26 ||   298
       Venom Bolt        |       |       |       |     3 |   147 |   216 |   231 |   202 |   297 ||  1096
       Fulminant Prism   |       |       |       |       |    28 |       |       |     7 |       ||    35
       Force Lance       |       |       |       |       |    64 |    67 |    25 |    57 |    64 ||   277
       Lightning Bolt    |       |       |       |       |       |   201 |    69 |   113 |    26 ||   409
       Airstrike         |       |       |       |       |       |   119 |    29 |     7 |       ||   155
       Passage of Golubr |       |       |       |       |       |     1 |       |       |       ||     1
       Conjure Ball Ligh |       |       |       |       |       |       |    62 |    47 |     7 ||   116
       Deflect Missiles  |       |       |       |       |       |       |     9 |    11 |     7 ||    27
       Tornado           |       |       |       |       |       |       |     2 |    50 |    92 ||   144
Invok: Divine Energy     |       |       |       |       |       |     3 |     1 |       |     1 ||     5
       Stop Divine Energ |       |       |       |       |       |     3 |     1 |       |     1 ||     5
 Abil: Breathe Dispellin |       |       |     3 |     2 |     2 |     2 |     1 |       |     1 ||    11
Evoke: Wand              |       |       |       |     5 |     4 |       |     1 |     2 |     4 ||    16
       Phial of floods   |       |       |       |       |       |       |     2 |       |       ||     2
       Fan of gales      |       |       |       |       |       |       |     1 |       |       ||     1
       Sack of spiders   |       |       |       |       |       |       |       |       |     1 ||     1
  Use: Scroll            |       |     5 |     6 |     8 |    12 |    27 |     4 |    12 |    12 ||    86
       Potion            |       |       |       |     2 |     3 |     6 |     1 |       |     6 ||    18
 Stab: Confused          |       |       |     2 |     4 |     4 |     1 |       |       |     1 ||    12
       Sleeping          |       |       |       |     2 |     1 |     1 |     2 |    13 |     7 ||    26
       Distracted        |       |       |       |       |       |     2 |     1 |     4 |     2 ||     9
  Eat: Chunk             |     2 |     8 |    20 |    31 |    43 |    71 |    71 |    81 |    76 ||   403
       Bread ration      |     1 |       |     1 |       |     3 |     2 |       |     1 |     8 ||    16
       Meat ration       |       |       |     1 |       |       |     1 |       |       |       ||     2
       Fruit             |       |       |       |     1 |       |     2 |     6 |       |       ||     9
       Royal jelly       |       |       |       |       |       |     2 |       |       |     3 ||     5
Armor: Skin              |    15 |    19 |    86 |   105 |   151 |   379 |   194 |   206 |   357 ||  1512
Dodge: Dodged            |    42 |    48 |   134 |   209 |   249 |  1169 |   633 |   856 |  1415 ||  4755
       Deflected         |       |       |       |       |       |       |    65 |    73 |   108 ||   246
Block: Buckler           |       |       |       |   122 |   192 |   514 |   304 |   339 |   438 ||  1909
       Reflection        |       |       |       |     6 |    10 |    23 |    50 |    45 |    37 ||   171
